 Dungeon Crawl Stone Soup version 0.27-a0-1278-g6cbc8dfb29 (webtiles) character file.

Game seed: 15825759712586508572

4369 sanka the Nimble (level 10, -6/75 HPs)
             Began as a Djinni Necromancer on June 12, 2021.
             Was a Believer of Makhleb.
             Mangled by an orc warrior (15 damage)
             ... in a bailey.
             The game lasted 00:20:40 (14027 turns).

sanka the Nimble (Djinni Necromancer)              Turns: 14027, Time: 00:20:40

Health: -6/75      AC:  7    Str:  7    XL:     10   Next: 60%
Gold:   290        EV: 15    Int: 20    God:    Makhleb [**....] SH:  0 Dex: 14

rFire    + + +     SeeInvis +   D - +1 dagger (elec)
rCold    . . .     Faith    .   (no shield)
rNeg     . . .     Spirit   .   I - +2 leather armour {Will+}
rPois    ∞         Reflect  .   s - +0 helmet {SInv}
rElec    +         Harm     .   K - scarf {rC+ rF+}
rCorr    .         Rampage  .   G - +0 pair of gloves
Will     +++..                  (boots unavailable)
Stlth    ++........             m - amulet of regeneration
HPRegen  1.22/turn              p - ring of Yneuck {rElec rPois rF+}
MPRegen  0.00/turn              d - ring of willpower

@: flying, studying Spellcasting
A: sickness immunity, fire resistance 2, cold vulnerability 1, float, innate
caster, hp casting, extra vitality 1
a: Renounce Religion, Minor Destruction


You were in a bailey.
You worshipped Makhleb.
Makhleb was pleased with you.
You visited 2 branches of the dungeon, and saw 10 of its levels.
You also visited: Ossuary and Bailey.

You collected 595 gold pieces.
You spent 305 gold pieces at shops.


Innate Abilities, Weirdness & Mutations

You are immune to sickness and miasma.
You are immune to poison.
Your flesh is very heat resistant. (rF++)
You are vulnerable to cold. (rC-)
You float through the air rather than walking.
You learn spells naturally, not from books.
Your magical power is your life essence.
You have superior vitality. (+4 HP)


   Skills:
 + Level 7.5 Fighting
 + Level 8.6 Dodging
 - Level 1.5 Stealth
 + Level 8.6 Spellcasting


You had 3 spell levels left.
You knew the following spells:

 Your Spells              Type           Power      Damage    Failure   Level
c - Agony                 Necr           43%        N/A       10%         5
s - Swiftness             Air            43%        N/A       1%          3
u - Portal Projectile     Hex/Tloc       86%        N/A       1%          3
v - Beastly Appendage     Tmut           86%        N/A       1%          1
x - Pain                  Necr           100%       1d9       1%          1
y - Call Imp              Summ           43%        N/A       1%          2
z - Vampiric Draining     Necr           21%        2d9       1%          3
X - Animate Dead          Necr           21%        N/A       3%          4
Z - Animate Skeleton      Necr           86%        N/A       1%          1
Your spell library was empty.

Inventory:

Hand Weapons
 a - a +1 dagger of draining
 b - a +0 trident
 z - a +0 morningstar
 D - a +1 dagger of electrocution (weapon)
 E - a +0 short sword of venom
 J - a +4 glaive of protection
Missiles
 h - 8 curare-tipped darts {=f}
 L - 2 throwing nets {=f}
Armour
 s - a +0 helmet of see invisible (worn)
 G - a +0 pair of gloves (worn)
 I - a +2 leather armour of willpower (worn)
 K - a scarf of resistance (worn)
Jewellery
 d - a ring of willpower (right hand)
 m - an amulet of regeneration (around neck)
 p - the ring of Yneuck (left hand) {rElec rPois rF+}

   [ring of protection from fire]

   It protects you from fire.
   It insulates you from electricity.
   It protects you from poison.
 w - a ring of positive energy
 A - a +6 ring of strength
Wands
 y - a wand of iceblast (16)
Scrolls
 f - 2 scrolls of amnesia
 j - 2 scrolls of teleportation {unknown}
 l - 2 scrolls of enchant weapon
 n - 4 scrolls of immolation {!r}
 o - 3 scrolls of noise {!r}
 q - a scroll of magic mapping {unknown}
 x - a scroll of summoning {unknown}
 B - a scroll of blinking {unknown}
 F - a scroll of acquirement
 H - a scroll of torment {!r}
Potions
 c - 3 potions of flight {unknown}
 e - 4 potions of ambrosia {unknown}
 g - a potion of attraction {unknown}
 i - a potion of might {unknown}
 k - 2 potions of magic {unknown}
 r - 4 potions of heal wounds {@q2}
 t - 4 potions of curing {unknown}
 u - a potion of degeneration {unknown}
 v - a potion of berserk rage {unknown}
 C - a potion of brilliance {unknown}

Dungeon Overview and Level Annotations

Branches:
Dungeon (9/15)             Temple (1/1) D:6             Orc (0/2) D:9
Ossuary (visited)          Bailey (1/1)
   Lair: D:8-11

Altars:
Ashenzari
Cheibriados
Dithmenos
Hepliaklqana
Kikubaaqudgha
Makhleb
Okawaru
Qazlal
Ru
Vehumet
Wu Jian
Zin
The Shining One

Shops:
D:2

[ ▒▒▒▒▒▒▒▒▒▒ ▒▒▒▒▒▒▒
∩........▒▒ ▒▒.)...▒▒
..........▒▒▒▒▒▒o......▒
..........▒....▒ooo....+
....).....'...)Z)))....+
)..)......▒....▒Roo....+
).))....Z.▒▒▒▒▒▒.......▒
∩).......▒▒ ▒▒.....▒▒
▒▒▒▒▒▒▒▒▒▒ ▒▒▒▒▒▒▒


You could see 2 orc warriors, 4 orcs and a friendly orc warrior zombie.


Message History

Unknown command.
Your white imp completely misses the orc warrior.
Your orc zombie closely misses the orc warrior.
The orc warrior hits you from afar with a +0 halberd.
* * * LOW HITPOINT WARNING * * *
The orc hits your white imp with a +0 halberd!
Your white imp dies!
The orc barely misses you.
There is an open door here.
Unknown command.
The orc misses you.
The orc warrior hits your orc zombie with a +0 halberd!
Your orc zombie is destroyed!
Your orc warrior zombie closely misses the orc warrior.
The orc hits you from afar with a +0 halberd.
* * * LOW HITPOINT WARNING * * *
The orc completely misses you. The orc barely misses you.
Aiming: Vampiric Draining (safe; 1% risk of failure)
Aim: an orc, wielding a +0 spear (ally target)
You draw life force from the orc!
You kill the orc!
Makhleb accepts your kill.
You feel life coursing into your body.
* * * LOW HITPOINT WARNING * * *
Your orc zombie crumbles into dust!
The orc barely misses you. The orc closely misses you.
The orc warrior hits you from afar with a +0 glaive!
You die...

Action                   |  1- 3 |  4- 6 |  7- 9 | 10-12 || total
-------------------------+-------+-------+-------+-------++-------
Melee: Dagger            |    10 |    43 |   172 |    74 ||   299
       Trident           |       |       |   310 |       ||   310
       Morningstar       |       |       |    34 |       ||    34
 Cast: Pain              |    70 |    14 |       |       ||    84
       Animate Skeleton  |     4 |       |       |       ||     4
       Vampiric Draining |       |    16 |    97 |    95 ||   208
       Call Imp          |       |     2 |    20 |     2 ||    24
       Agony             |       |       |     1 |       ||     1
       Animate Dead      |       |       |       |     2 ||     2
  Use: Potion            |       |       |     1 |       ||     1
       Scroll            |       |       |       |     8 ||     8
 Stab: Sleeping          |       |     1 |    10 |       ||    11
Armor: Robe              |     3 |     8 |   146 |       ||   157
       Leather armour    |       |       |    19 |    67 ||    86
Dodge: Dodged            |    18 |    33 |   400 |   183 ||   634

Levels and vault maps discovered:
D:1:      lordsloth_arrival_two_stooges, layout_basic
D:2:      layout_basic, ebering_ecumenical_altar_abandoned, serial_shops,
          nicolae_shop_stone
D:3:      layout_loops_cross, nicolae_hepliaklqana_ecumenical_no_more,
          uniq_jessica
D:4:      layout_basic, kennysheep_boxes, uniq_menkaure
D:5:      layout_basic, pdpol_wu_jian_five_deadly_venoms,
          serial_co_window_serial, co_window_corner_a, co_window_paths_a,
          co_window_paths_a, co_window_paths_b, co_window_paths_b,
          co_window_corner_a, co_window_cross_1, co_window_corner_ca,
          co_window_of_opportunity_c, co_window_of_opportunity_c,
          co_window_unsneaky_path_a, co_window_2corner,
          co_window_unsneaky_path_e, co_window_paths_d, co_window_4corner_a,
          glass_columns_a, glass_columns_c, minmay_between
D:6:      layout_basic, minmay_temple_entry_nine_rooms,
          kennysheep_generic_room_6
D:7:      layout_cave_pools, nicolae_ossuary_entry_ruins
D:8:      layout_basic
D:9:      layout_long_grid, david_orc_2, enter_bailey_5
Temple:   hc_temple_tempest_star
Bailey:   bailey_polearm_5, bailey

Notes
Turn   | Place    | Note
-------+----------+-------------------------------------------
     0 | D:1      | sanka the Djinni Necromancer began the quest for the Orb.
     0 | D:1      | Reached XP level 1. HP: 15/15 MP: 0/0
   719 | D:1      | Reached XP level 2. HP: 8/21 MP: 0/0
  1953 | D:1      | Reached XP level 3. HP: 6/25 MP: 0/0
  1953 | D:1      | Learned a level 1 spell: Beastly Appendage
  2595 | D:2      | Found Foypofoi's Armour Shop.
  2773 | D:2      | Reached skill level 4 in Spellcasting
  3159 | D:2      | Found a faded altar of an unknown god.
  4017 | D:3      | Reached XP level 4. HP: 29/31 MP: 0/0
  4127 | D:3      | Noticed Jessica
  4130 | D:3      | Killed Jessica
  4370 | D:3      | Found a faded altar of an unknown god.
  4370 | D:3      | Found a hazy altar of Hepliaklqana.
  4392 | D:3      | Reached XP level 5. HP: 6/35 MP: 0/0
  4392 | D:3      | Learned a level 2 spell: Call Imp
  4654 | D:3      | Found a faded altar of an unknown god.
  4864 | D:3      | Reached skill level 5 in Spellcasting
  4905 | D:3      | Noticed an ogre
  5307 | D:3      | Reached XP level 6. HP: 40/40 MP: 0/0
  5381 | D:3      | Killed an ogre
  5692 | D:4      | Identified the ring of Yneuck {rElec rPois rF+}
  5733 | D:4      | Noticed an ogre
  5740 | D:4      | Killed an ogre
  5741 | D:4      | Reached skill level 6 in Spellcasting
  5741 | D:4      | Reached XP level 7. HP: 21/45 MP: 0/0
  5741 | D:4      | Learned a level 3 spell: Portal Projectile
  5840 | D:4      | You are sucked into a shaft and drop 3 floors!
  5852 | D:7      | Found a sand-covered staircase.
  5857 | Ossuary  | Entered an ossuary
  7293 | D:7      | HP: 3/46 [wyvern zombie (12)]
  7304 | D:7      | Reached skill level 1 in Fighting
  7537 | D:7      | Reached skill level 3 in Dodging
  7714 | D:5      | Entered Level 5 of the Dungeon
  8281 | D:4      | Noticed Menkaure
  8572 | D:4      | Reached skill level 2 in Fighting
  8840 | D:4      | HP: 4/49 [??? (2)]
  8843 | D:4      | Killed Menkaure
  9219 | D:4      | Reached XP level 8. HP: 51/55 MP: 0/0
  9561 | D:5      | Reached skill level 3 in Fighting
  9561 | D:5      | Reached skill level 4 in Dodging
  9801 | D:5      | Found an ornate altar of the Wu Jian Council.
 10537 | D:5      | Reached skill level 4 in Fighting
 10537 | D:5      | Reached skill level 5 in Dodging
 10537 | D:5      | Reached skill level 7 in Spellcasting
 10642 | D:5      | Reached XP level 9. HP: 54/63 MP: 0/0
 10642 | D:5      | Learned a level 3 spell: Swiftness
 11227 | D:6      | Reached skill level 5 in Fighting
 11227 | D:6      | Reached skill level 6 in Dodging
 11664 | D:2      | Bought a +2 leather armour of willpower for 247 gold pieces
 11664 | D:2      | Bought a +0 pair of gloves for 58 gold pieces
 12133 | D:6      | Found a staircase to the Ecumenical Temple.
 12141 | D:6      | Reached skill level 7 in Dodging
 12144 | Temple   | Entered the Ecumenical Temple
 12166 | Temple   | Became a worshipper of Makhleb the Destroyer
 12194 | D:6      | Reached skill level 6 in Fighting
 12546 | D:7      | Reached XP level 10. HP: 72/72 MP: 0/0
 12637 | D:7      | Reached skill level 8 in Spellcasting
 13124 | D:7      | Reached * piety under Makhleb
 13240 | D:8      | Reached skill level 8 in Dodging
 13296 | D:8      | Identified a scarf of resistance
 13330 | D:8      | Reached skill level 7 in Fighting
 13747 | D:9      | Identified 3 scrolls of acquirement
 13756 | D:9      | Acquired a +0 helmet of see invisible
 13763 | D:9      | Acquired a manual of Spellcasting
 13888 | D:9      | Found a staircase to the Orcish Mines.
 13916 | D:9      | Found a flagged portal.
 13938 | Bailey   | Entered a bailey
 13963 | Bailey   | Reached ** piety under Makhleb
 14026 | Bailey   | HP: 6/75 [orc (4)]
 14027 | Bailey   | Mangled by an orc warrior

Vanquished Creatures
  A troll (D:9)
  A hornet (D:8)
  3 water moccasins
  2 ice beasts (D:6)
  3 orc warriors
  2 sky beasts
  4 black bears
  2 ogres
  A centaur (D:8)
  2 kobold brigands
  A bullfrog (D:7)
  2 gnoll sergeants
  2 wyvern zombies
  4 scorpions
  5 killer bees (D:7)
  3 wights (D:7)
  A howler monkey (D:8)
  2 bullfrog zombies (D:5)
  3 centaur zombies
  2 hounds
  A gnoll shaman (D:5)
  2 jellies
  A centaur skeleton (D:7)
  2 orc priests
  3 bullfrog skeletons
  Jessica (D:3)
  7 orc wizards
  2 iguanas (D:6)
  A hound skeleton (D:5)
  A mummy (Ossuary)
  A howler monkey skeleton (D:5)
  9 gnolls
  5 adders
  A shadow imp (D:6)
  3 white imps
  An adder skeleton (D:4)
  A worm (D:2)
  3 dart slugs
  49 orcs
  4 spectral bats (Ossuary)
  6 ball pythons
  5 endoplasms
  A giant cockroach (D:4)
  8 goblins
  5 hobgoblins
  4 jackals (D:1)
  5 quokkas
  4 bats
  3 bat simulacra (Ossuary)
  A frilled lizard (D:1)
  12 gnoll zombies (Ossuary)
  2 goblin simulacra (Ossuary)
  4 goblin zombies (Ossuary)
  4 hobgoblin zombies (Ossuary)
  16 kobolds
  2 kobold simulacra (Ossuary)
  4 kobold zombies (Ossuary)
  6 orc zombies (Ossuary)
  2 rats (D:2)
  3 rat simulacra (Ossuary)
  5 spectral goblins (Ossuary)
  A spectral kobold (Ossuary)
  3 spectral rats (Ossuary)
250 creatures vanquished.

Vanquished Creatures (collateral kills)
  Menkaure (D:4)
  An orc warrior (Bailey)
  A scorpion (D:6)
  A white imp (D:7)
  7 orcs (Bailey)
11 creatures vanquished.

Vanquished Creatures (others)
  29 plants
29 creatures vanquished.

Grand Total: 290 creatures vanquished
